Map: Pillars of Gold LE

Players

Avenger

  • Race: Terran Terran
  • League: Grandmaster
  • Spawn Location: 7:00

Stealthy - Winner!

  • Race: Protoss Protoss
  • Spawn Location: 1:00

VOD

Have the link to the VOD?

Description

Time

  • Played on: Aug. 10, 2020, 1:16 a.m.
  • Length: 15:24
Show
View Real Time Build Order
Export as new Build Order

Avenger Terran 

Build Orders: Reaper Expand 

Get SALT Encoding   

  12  0:00  SCV  
  13  0:12  SCV  
  14  0:17  Supply Depot  
  14  0:24  SCV  
  15  0:39  SCV  
  15  0:41  Barracks  
  16  0:46  Refinery  
  16  0:51  SCV  
  17  1:03  SCV  
  18  1:15  SCV  
  19  1:27  Orbital Command  
  19  1:29  Reaper  
  20  1:45  Command Center  
  20  1:54  SCV  
  20  2:00  Barracks  
  21  2:03  Barracks Reactor  
  21  2:06  SCV  
  22  2:13  Supply Depot  
  22  2:18  SCV  
  23  2:23  Refinery  
  23  2:34  SCV  
  23  2:36  Factory  
  24  2:39  Marine  
  24  2:40  Marine  
  26  2:46  Barracks Tech Lab  
  26  2:47  SCV  
  27  2:57  Marine x2  
  29  3:05  Stimpack  
  29  3:08  Marine  
  29  3:15  Marine x2  
  29  3:19  SCV  
  31  3:20  Orbital Command  
  31  3:28  Marauder  
  31  3:30  Factory Tech Lab  
  33  3:36  SCV  
  33  3:37  Marine  
  33  3:38  Marine  
  36  3:48  SCV  
  37  3:50  Siege Tank  
  37  3:51  SCV  
  41  3:57  Marauder  
  41  4:01  Supply Depot  
  43  4:03  Marine x2  
  45  4:11  SCV  
  46  4:21  Supply Depot  
  46  4:22  SCV, Marine x2  
  46  4:23  Marauder  
  51  4:26  Siege Tank  
  54  4:37  Engineering Bay  
  54  4:42  Marine x2  
  54  4:44  Marauder  
  54  4:45  Concussive Shells  
  53  5:00  Marine  
  52  5:11  Marine  
  52  5:13  Marine  
  25  6:19  Engineering Bay  
  25  6:30  SCV  
  26  6:39  Siege Tank  
  29  6:58  Missile Turret  
  29  7:17  Combat Shield  
  29  7:21  SCV x2  
  31  7:31  Missile Turret  
  31  7:37  SCV x2  
  31  7:41  Marine  
  31  7:54  Marine  
  30  8:00  SCV  
  30  8:01  SCV  
  30  8:05  Marine  
  33  8:14  Marauder  
  33  8:17  Marine  
  36  8:20  SCV  
  36  8:22  Marine  
  38  8:29  SCV  
  38  8:30  Siege Tank  
  38  8:32  SCV  
  43  8:37  Marauder, Marine  
  46  8:46  SCV  
  47  8:48  Supply Depot  
  47  8:49  SCV  
  47  8:53  Marine  
  47  8:54  Refinery  
  47  8:55  Marine  
  48  9:04  SCV  
  48  9:08  Missile Turret  
  49  9:12  SCV  
  49  9:13  Marine x3  
  49  9:16  SCV  
  54  9:27  SCV  
  54  9:30  Siege Tank  
  54  9:33  SCV  
  54  9:41  Marine x2  
  54  9:42  SCV  
  54  9:43  Terran Infantry Weapons Level 1  
  57  9:50  SCV  
  58  9:58  Starport  
  58  10:00  SCV  
  59  10:12  Siege Tank  
  62  10:25  SCV, Supply Depot, Marine  
  64  10:29  Marauder  
  64  10:33  SCV  
  67  10:40  Liberator  
  70  10:47  Siege Tank  
  73  10:55  Marine  
  73  10:56  Marine  
  73  10:57  SCV  
  76  10:58  SCV  
  77  11:05  Supply Depot  
  77  11:09  Supply Depot  
  77  11:13  Marine  
  78  11:20  Marine  
  78  11:21  Siege Tank  
  78  11:25  Starport Reactor  
  82  11:30  SCV x2  
  84  11:33  Supply Depot  
  84  11:35  Marauder  
  86  11:44  Marine x2  
  86  11:45  SCV  
  89  11:52  Factory  
  89  11:54  SCV  
  90  12:02  SCV, Supply Depot  
  90  12:06  SCV  
  92  12:09  Siege Tank  
  95  12:23  Starport Tech Lab  
  95  12:26  Command Center  
  95  12:28  Barracks Tech Lab  
  95  12:30  Refinery  
  95  12:32  Armory  
  95  12:33  SCV  
  96  12:37  Factory Tech Lab  
  96  12:39  SCV  
  97  12:45  Siege Tank  
  97  12:46  SCV  
  101  12:53  Siege Tank  
  101  12:57  Supply Depot  
  104  13:00  Starport Reactor  
  104  13:03  SCV  
  105  13:07  Missile Turret  
  105  13:08  Missile Turret  
  105  13:11  SCV  
  106  13:16  Supply Depot  
  106  13:17  Siege Tank  
  106  13:19  SCV  
  110  13:28  Marine x3  
  110  13:33  Siege Tank  
  115  13:38  Factory  
  116  13:42  Missile Turret  
  115  13:49  Siege Tank  
  118  13:56  Missile Turret  
  118  13:59  Viking x2  
  88  14:11  Siege Tank  
  91  14:22  Siege Tank  
  94  14:26  Siege Tank  
  94  14:28  SCV  
  96  14:43  Siege Tank  
  82  14:55  SCV  
  82  14:57  Marine x3  
Show
View Real Time Build Order
Export as new Build Order

Stealthy Protoss - Winner!

Build Orders: Dark Templar Rush 

Get SALT Encoding   

  12  0:00  Probe  
  13  0:12  Probe  
  14  0:17  Pylon  
  14  0:24  Probe (Chrono Boost)  
  15  0:36  Probe (Chrono Boost)  
  15  0:38  Gateway  
  16  0:45  Probe (Chrono Boost)  
  17  0:50  Assimilator  
  17  0:51  Probe  
  18  1:03  Probe  
  19  1:15  Probe  
  20  1:25  Cybernetics Core  
  20  1:42  Probe  
  21  1:49  Nexus  
  21  1:54  Pylon  
  21  1:59  Assimilator  
  21  2:01  Adept (Chrono Boost)  
  21  2:06  Warp Gate  
  23  2:12  Probe  
  24  2:24  Twilight Council, Probe  
  24  2:29  Adept (Chrono Boost)  
  25  2:36  Probe  
  28  2:44  Pylon  
  28  2:49  Probe  
  29  2:53  Adept  
  31  3:03  Dark Shrine  
  31  3:15  Probe, Gateway  
  31  3:19  Probe  
  33  3:28  Probe (Chrono Boost)  
  33  3:31  Probe (Chrono Boost)  
  33  3:34  Gateway  
  33  3:40  Probe (Chrono Boost)  
  35  3:43  Probe (Chrono Boost)  
  35  3:47  Probe (Chrono Boost)  
  35  3:48  Probe (Chrono Boost)  
  36  3:53  Robotics Facility  
  36  3:54  Probe  
  38  3:57  Probe  
  39  4:07  Assimilator  
  41  4:12  Assimilator  
  41  4:14  Dark Templar x2  
  43  4:17  Probe x2  
  43  4:23  Charge (Chrono Boost)  
  45  4:29  Probe  
  45  4:31  Probe  
  47  4:38  Immortal (Chrono Boost)  
  47  4:41  Probe  
  47  4:43  Probe  
  53  4:50  Pylon  
  53  4:53  Pylon  
  53  4:55  Shield Battery  
  53  5:02  Probe  
  39  5:19  Dark Templar  
  40  5:24  Dark Templar  
  31  5:47  Probe  
  32  5:56  Probe  
  33  6:01  Probe  
  34  6:08  Probe  
  34  6:11  Pylon  
  33  6:12  Dark Templar  
  33  6:13  Zealot  
  33  6:15  Probe  
  34  6:20  Probe  
  34  6:23  Pylon  
  35  6:27  Probe  
  35  6:32  Warp Prism (Chrono Boost)  
  38  6:40  Probe  
  38  6:46  Probe  
  40  6:52  Probe  
  41  6:58  Probe  
  42  7:04  Probe  
  40  7:18  Probe (Chrono Boost)  
  41  7:25  Dark Templar x3  
  41  7:27  Probe (Chrono Boost)  
  47  7:32  Probe (Chrono Boost)  
  49  7:37  Probe (Chrono Boost)  
  49  7:40  Probe (Chrono Boost)  
  49  7:43  Probe (Chrono Boost)  
  51  7:46  Probe  
  50  8:00  Probe  
  51  8:06  Shadow Stride (Chrono Boost), Dark Templar x3  
  51  8:08  Probe  
  58  8:13  Probe  
  60  8:28  Pylon  
  60  8:29  Immortal (Chrono Boost)  
  60  8:33  Pylon  
  63  8:46  Nexus  
  63  8:50  Probe x2  
  63  9:12  Immortal (Chrono Boost)  
  63  9:15  Dark Templar x2  
  63  9:16  Dark Templar  
  73  9:18  Probe  
  73  9:20  Probe  
  75  9:30  Probe  
  72  9:35  Probe  
  72  9:38  Gateway  
  71  9:40  Pylon  
  71  9:41  Gateway  
  71  9:47  Immortal (Chrono Boost)  
  76  9:55  Dark Templar  
  78  10:00  Pylon  
  78  10:06  Dark Templar  
  79  10:07  Dark Templar  
  79  10:10  Archon  
  79  10:11  Archon x2  
  81  10:17  Gateway  
  81  10:21  Pylon  
  81  10:25  Observer (Chrono Boost)  
  81  10:26  Forge  
  81  10:28  Dark Templar  
  84  10:30  Probe x2  
  84  10:32  Archon  
  84  10:33  Shield Battery  
  84  10:35  Probe  
  87  10:41  Robotics Bay  
  87  10:42  Probe, Observer  
  89  10:53  Protoss Ground Armor Level 1 (Chrono Boost)  
  89  10:54  Probe  
  89  10:56  Sentry x2  
  95  11:00  Probe  
  95  11:04  Assimilator  
  95  11:05  Probe, Assimilator  
  95  11:10  Pylon  
  96  11:12  Probe x2  
  96  11:16  Pylon, Blink  
  99  11:18  Pylon  
  99  11:23  Gateway  
  99  11:25  Pylon  
  97  11:27  Probe  
  97  11:28  Gateway  
  97  11:29  Probe, Disruptor (Chrono Boost)  
  102  11:37  Probe  
  102  11:39  Probe  
  104  11:43  Dark Shrine  
  104  11:44  Stalker  
  104  11:46  Stalker  
  108  11:59  Nexus  
  108  12:01  Pylon  
  108  12:11  Disruptor (Chrono Boost)  
  111  12:21  Pylon, Zealot x5  
  121  12:26  Probe  
  121  12:27  Probe  
  123  12:34  Robotics Facility  
  123  12:36  Stargate  
  123  12:38  Stargate  
  123  12:39  Probe  
  123  12:41  Probe  
  123  12:43  Disruptor (Chrono Boost)  
  128  12:48  Protoss Ground Armor Level 2 (Chrono Boost)  
  128  12:50  Probe (Chrono Boost)  
  129  12:55  Pylon  
  129  12:56  Pylon  
  129  12:57  Probe (Chrono Boost)  
  129  12:58  Probe (Chrono Boost), Assimilator  
  131  13:02  Assimilator  
  131  13:09  Probe (Chrono Boost)  
  132  13:13  Pylon  
  132  13:15  Disruptor (Chrono Boost)  
  132  13:16  Probe  
  136  13:20  Stalker x2  
  136  13:24  Fleet Beacon  
  140  13:31  Probe  
  138  13:37  Stargate  
  138  13:38  Probe  
  139  13:45  Disruptor  
  142  13:50  Probe x2  
  142  13:51  Probe x2  
  142  13:52  Nexus  
  142  13:53  Pylon  
  146  14:02  Probe  
  139  14:09  Probe x2, Tempest x2 (Chrono Boost)  
  141  14:11  Probe  
  152  14:23  Tempest (Chrono Boost)  
  158  14:27  Pylon  
  158  14:30  Assimilator  
  157  14:34  Assimilator  
  156  14:59  Zealot x8  
Tags
 
Add a new tag
Caveats
  • Supply blocks, unpowered buildings, or Contaminate may cause inaccurate times.
  • Supply counts are checked every 10 seconds.